 Dungeon Crawl Stone Soup version 0.27.0-1-g7a089689b8 (webtiles) character file.

Game seed: 4164137117661895813

9 Gunterle the Sneak (level 2, 0/21 HPs)
             Began as an Octopode Delver on Aug 11, 2021.
             Killed from afar by a white imp (11 damage)
             ... with a puff of frost
             ... on level 6 of the Dungeon.
             The game lasted 00:01:45 (390 turns).

Gunterle the Sneak (Octopode Delver)                 Turns: 390, Time: 00:01:46

Health: 0/21       AC:  1    Str: 11    XL:     2   Next: 12%
Magic:  2/2        EV: 13    Int: 12    God:
Gold:   31         SH:  0    Dex: 13    Spells: 1/1 levels left

rFire    . . .     SeeInvis .   a - +0 short sword
rCold    . . .     Faith    .   (no shield)
rNeg     . . .     Spirit   .   (helmet restricted)
rPois    .         Reflect  .   (no amulet)
rElec    .         Harm     .   (no ring)
rCorr    .         Rampage  .   (no ring)
Will     .....                  (no ring)
Stlth    ++++......             (no ring)
HPRegen  0.07/turn              (no ring)
MPRegen  0.08/turn              (no ring)
                                (no ring)
                                (no ring)

@: hasted, very quick
A: almost no armour, amphibious, 8 rings, camouflage 1, gelatinous body 1,
(nimble swimmer 1), tentacles
a: no special abilities


You were on level 6 of the Dungeon.
You visited 1 branch of the dungeon, and saw 2 of its levels.

You collected 31 gold pieces.

Inventory:

Hand Weapons
 a - a +0 short sword (weapon)
Missiles
 h - 17 stones (quivered)
Wands
 f - a wand of digging (3)
Scrolls
 b - a scroll of fog
 c - a scroll of magic mapping
 d - a scroll of fear
 g - a scroll of noise {unknown}


   Skills:
 + Level 3.0 Fighting
 * Level 2.0 Short Blades
 + Level 2.0 Dodging
 + Level 7.1 Stealth


You had one spell level left.
You didn't know any spells.
Your spell library was empty.

Dungeon Overview and Level Annotations

Branches:
Dungeon (6/15)
 Temple: D:4-7

Altars:
Vehumet

Annotations:
D:6 exclusions: adder, iguana, 2 ogres, orc, sky beast and 1 more exclusion


Innate Abilities, Weirdness & Mutations

You cannot wear most types of armour.
You are amphibious.
You can wear up to eight rings at the same time.
Your skin changes colour to match your surroundings (Stealth+).
Your rubbery body absorbs attacks. (AC +1, EV +1)
((You are camouflaged near water. (Stealth+)))
You have tentacles for arms and can constrict up to eight enemies at once.


Message History

A sky beast is nearby!
There is an open door here.
You open the door.
There is an open door here.
You open the door.
Found a stone staircase leading down.
There is an open door here.
You now have 31 gold pieces (gained 16).
Found a stone staircase leading up.
Found a scale mail.
There is a stone staircase leading up here.
An iguana and an orc come into view.
Found 17 stones.
You see here 17 stones.
There is a stone staircase leading down here.
You see here a +0 scale mail.
An adder comes into view.
You open the door.
There is an open door here.
As you open the door, it creaks loudly!
Something shouts, "Turn tail, thou gleeking idle-headed bloater!"
There is an open door here.
Found 17 stones.
You see here 17 stones.
h - 17 stones A white imp comes into view.
The white imp shouts!
The white imp gestures at you. The puff of frost misses you.
Unknown command.
You can't see any enemies this would affect, really read the scroll of fear?
Okay, then.
Okay, then.
You feel yourself speed up. The white imp gestures at you.
The puff of frost hits you! The white imp gestures at you.
The puff of frost hits you!
Ouch! That really hurt!
You die...

#.###..........##
##.......#.#.....#
##.####.##.........
##...###.#.........#
#........##...#...##
##...#######.######
##.## #.# #.# #.# #@#
##'##
#####.#######...##
#.........##.....##
#.##..###.#.......##
#....5# #..........###
#..................'..
#.#...###..........###
#.##.## #.#.......## #
.. ..##.....##


You could see a white imp.

Vanquished Creatures
  An adder (D:6)
1 creature vanquished.

Vanquished Creatures (others)
  A necrophage (D:6)
1 creature vanquished.

Grand Total: 2 creatures vanquished

Notes
Turn   | Place    | Note
-------+----------+-------------------------------------------
     0 | D:5      | Gunterle the Octopode Delver began the quest for the Orb.
     0 | D:5      | Reached XP level 1. HP: 16/16 MP: 1/1
    14 | D:6      | Reached skill level 7 in Stealth
    14 | D:6      | Reached XP level 2. HP: 21/21 MP: 2/2
    31 | D:6      | Found a radiant altar of Vehumet.
    31 | D:6      | Noticed an ogre
    56 | D:6      | Noticed an ogre
    86 | D:6      | Noticed an ogre
   157 | D:6      | Noticed a sky beast
   288 | D:6      | Killed a necrophage
   390 | D:6      | Killed from afar by a white imp

Illustrated notes

Levels and vault maps discovered:
D:5:      layout_rooms, mainiacjoe_overflow_tiny_flanked,
          minmay_temple_entry_sparse_star, grunt_ministairs_9, grunt_tough_drop,
          uniq_crazy_yiuf_cottage, uniq_edmund, uniq_eustachio
D:6:      layout_loops_corners, fiery_altar_vehumet, uniq_maggie,
          uniq_blork_the_orc, uniq_grinder

Skill      XL: |  1 |
---------------+----+-----
Stealth        | 7 |  7.1
Fighting       | |  3.0
Short Blades   | |  2.0
Dodging        | |  2.0

Action                   || total
-------------------------++-------
Melee: Short sword       ||     1
  Use: Potion            ||     1
 Stab: Sleeping          ||     1
Dodge: Dodged            ||     1
